 Dungeon Crawl Stone Soup version 0.18-a0-63-g789eb7d (webtiles) character file.

194371 ReteAZ the Black Belt (level 17, -31/185 HPs)
             Began as a Troll Monk on Nov 10, 2015.
             Was a High Priest of Jiyva.
             Annihilated by a golden dragon simulacrum (46 damage)
             ... in an ice cave.
             The game lasted 02:55:13 (37466 turns).

ReteAZ the Black Belt (Troll Monk)                 Turns: 37466, Time: 02:55:14

Health: -31/185    AC: 15    Str: 13    XL:     17   Next: 67%
Magic:  0/18       EV: 27    Int: 12    God:    Jiyva [*****.]
Gold:   3005       SH:  0    Dex: 30    Spells: 4 memorised, 4 levels left

rFire  . . .     SeeInvis +       - Unarmed
rCold  . . .     Clarity  .     p - +4 robe of Night {+Inv MR+ SInv Stlth+}
rNeg   + . .     SustAt   +     (no shield)
rPois  .         Gourm    +     B - +2 hat of the Bear Spirit {Spirit, +Rage rN+ MR++}
rElec  .         Spirit   +     U - +0 cloak
rCorr  +         Warding  .     (gloves unavailable)
rMut   .         Stasis   .     (boots unavailable)
MR     ++++.                    y - amulet of Vitality {Regen+ HP+15}
Stlth  ++++......               z - ring of wizardry
                                V - ring "Mila" {SustAt Str+5}

@: incredibly resistant to hostile enchantments, stealthy
A: unfitting armour, claws 3, horns 1, thin metallic scales 1, blink, fast
metabolism 3, gourmand, regeneration 2, shaggy fur 1, spit poison 1, strong 2,
tough skin 2, acidic bite, gelatinous body 1, pseudopods 1, translucent skin 2,
jelly sensing items, jelly absorbing missiles
a: Spit Poison, Blink, Request Jelly, Jelly Paralyse, Slimify, Cure Bad
Mutation, Renounce Religion, Evoke Berserk Rage, Evoke Invisibility
}: 1/15 runes: decaying


You were in an ice cave.
You worshipped Jiyva.
Jiyva was extremely pleased with you.
You were not hungry.

You visited 8 branches of the dungeon, and saw 42 of its levels.
You visited the Abyss 1 time.
You also visited: Ice Cave.

You collected 3253 gold pieces.
You spent 248 gold pieces at shops.

Inventory:

Hand Weapons
 C - the +7 triple sword "Beubb" {venom, MR+ Int+2}
   (You found it on level 3 of the Elven Halls)

   It poisons the flesh of those it strikes.
   It affects your intelligence (+2).
   It affects your resistance to hostile enchantments.
 E - the +5 great sword of Dissatisfaction {drain, Dex+4}
   (You found it on level 3 of the Elven Halls)

   A truly terrible weapon, it drains the life of those it strikes.
   It affects your dexterity (+4).
 F - the +7 flail of Annihilation {crush, Str+4}
   (You found it on level 3 of the Elven Halls)

   It inflicts extra damage upon your enemies.
   It affects your strength (+4).
Missiles
 R - 23 large rocks (quivered)
Armour
 p - the +4 robe of Night (worn) {+Inv MR+ SInv Stlth+}
   (You found it on level 3 of the Elven Halls)

   It affects your resistance to hostile enchantments.
   It lets you see invisible.
   It lets you turn invisible.
   It makes you more stealthy.
 v - a +0 gold dragon armour
 B - the +2 hat of the Bear Spirit (worn) {Spirit, +Rage rN+ MR++}
   (You found it on level 3 of the Elven Halls)

   It protects you from negative energy.
   It affects your resistance to hostile enchantments.
   It lets you go berserk.
 U - a +0 cloak (worn)
 X - the +4 robe "Pifokago" {MP+9 Int+7}
   (You bought it in a shop on level 4 of the Orcish Mines)

   It affects your intelligence (+7).
   It affects your magic capacity (+9).
Rods
 m - a +2 iron rod (12/12)
   (You took it off a deep elf death mage on level 3 of the Elven Halls)
Jewellery
 c - a +2 ring of dexterity
 e - an uncursed amulet of resist mutation
 n - a +3 ring of protection
 y - the amulet of Vitality (around neck) {Regen+ HP+15}
   (You found it on level 3 of the Elven Halls)

   [amulet of regeneration]

   It affects your health (+15).
   It increases your rate of regeneration.
 z - a ring of wizardry (right claw)
 O - an uncursed amulet of guardian spirit {unknown}
 V - the ring "Mila" (left claw) {SustAt Str+5}
   (You took it off an orc on level 9 of the Dungeon)

   [ring of sustain attributes]

   It sustains your strength, intelligence and dexterity.
   It affects your strength (+5).
Wands
 h - a wand of lightning (6)
 x - a wand of fireball (4)
 G - a wand of teleportation (2)
 S - a wand of fireball (6)
 T - a wand of digging (12)
Scrolls
 i - a scroll of magic mapping
 k - 4 scrolls of amnesia
 q - 6 scrolls of identify
 r - 11 scrolls of remove curse
 u - a scroll of teleportation
 H - a scroll of enchant weapon
 I - a scroll of enchant armour
 N - a scroll of recharging
 Q - 2 scrolls of fear
Potions
 d - 5 potions of haste
 f - a potion of curing
 g - 4 potions of flight
 l - a potion of berserk rage
 t - 2 potions of resistance
 w - a potion of might
 D - a potion of cure mutation
 L - a potion of heal wounds
Books
 a - a book of the Warp

   Spells                             Type                      Level
   a - Recall                         Summoning/Translocation      3
   b - Gell's Gravitas                Hexes/Translocation          3
   c - Force Lance                    Conjuration/Translocation    4
   d - Phase Shift                    Translocation                5
   e - Warp Weapon                    Charms/Translocation         5
   f - Summon Forest                  Summoning/Translocation      5
 o - a book of Geomancy

   Spells                             Type                      Level
   a - Sandblast                      Earth                        1
   b - Stoneskin                      Transmutation/Earth          2
   c - Passwall                       Transmutation/Earth          3
   d - Stone Arrow                    Conjuration/Earth            3
   e - Petrify                        Transmutation/Earth          4
   f - Lee's Rapid Deconstruction     Earth                        5
 A - the Guide on Boosts
   (You found it on level 3 of the Elven Halls)

   Spells                             Type                      Level
   a - Infusion                       Charms                       1
   b - Regeneration                   Charms/Necromancy            3
   c - Spectral Weapon                Hexes/Charms                 3
 M - a book of Minor Magic

   Spells                             Type                      Level
   a - Magic Dart                     Conjuration                  1
   b - Blink                          Translocation                2
   c - Call Imp                       Summoning                    2
   d - Repel Missiles                 Charms/Air                   2
   e - Slow                           Hexes                        2
   f - Conjure Flame                  Conjuration/Fire             3
   g - Mephitic Cloud                 Conjuration/Poison/Air       3
 P - a book of Party Tricks

   Spells                             Type                      Level
   a - Summon Butterflies             Summoning                    1
   b - Apportation                    Translocation                1
   c - Tukima's Dance                 Hexes                        3
   d - Alistair's Intoxication        Transmutation/Poison         4
   e - Invisibility                   Hexes                        6
 Y - a book of the Earth

   Spells                             Type                      Level
   a - Leda's Liquefaction            Hexes/Earth                  4
   b - Bolt of Magma                  Conjuration/Fire/Earth       5
   c - Statue Form                    Transmutation/Earth          6
   d - Iron Shot                      Conjuration/Earth            6
   e - Shatter                        Earth                        9
Comestibles
 b - 12 bread rations {@e1}
 j - 7 meat rations {@e2}
 s - 18 royal jellies
 J - 6 beef jerkies
 K - 8 slices of pizza


   Skills:
 - Level 11.0 Fighting
 - Level 7.2 Throwing
 - Level 10.2 Armour
 - Level 15.0 Dodging
 - Level 1.1 Stealth
 - Level 16.2 Unarmed Combat
 + Level 1.3 Spellcasting
 * Level 2.5 Transmutations
 * Level 10.1 Earth Magic


You had 4 spell levels left.
You knew the following spells:

 Your Spells              Type           Power        Failure   Level  Hunger
a - Stoneskin             Trmt/Erth      ###.....     1%          2    ###....
b - Summon Butterflies    Summ           #.......     14%         1    ##.....
c - Lee's Rapid Deconstr  Erth           ####......   7%          5    ######.
d - Statue Form           Trmt/Erth      ###......    96%         6    #######


Dungeon Overview and Level Annotations

Branches:
Dungeon (15/15)            Temple (1/1) D:4            Lair (8/8) D:11
  Swamp (4/4) Lair:5        Snake (1/4) Lair:6        Slime (6/6) Lair:7
    Orc (4/4) D:11            Elf (3/3) Orc:3        Vaults (0/5) D:14
 Depths (0/5) D:15

Altars:
Ashenzari
Cheibriados
Dithmenos
Elyvilon
Fedhas
Gozag
Kikubaaqudgha
Makhleb
Nemelex Xobeh
Okawaru
Qazlal
Ru
Sif Muna
Trog
Vehumet
Xom
Yredelemnul
Zin
The Shining One
Beogh
Jiyva

Shops:
D:6 *   D:15 :   Orc:3 :   Orc:4 [((([   Elf:1 *

Annotations:
Swamp:1 exclusion: Roxanne, Roxanne
Slime:4 Dissolution
Slime:6 Royal Jelly


Innate Abilities, Weirdness & Mutations

You are too large for most types of armour.
You have claws for hands.
Your metabolism is lightning-fast.
You like to eat raw meat.
You heal very quickly.
You are covered in fur (AC +1).
You have very tough skin (AC +2).
You have a pair of small horns on your head.
You are partially covered in thin metallic scales (AC +2).
You can translocate small distances at will.
You can spit weak poison.
Your muscles are very strong. (Str +4)
You have acidic saliva.
Your rubbery body absorbs attacks (AC +1).
Armour fits poorly on your pseudopods.
Your skin is mostly translucent (Stealth, -foe acc).
You have a small jelly attached to you that senses nearby items.
You have a small jelly attached to you that may absorb incoming projectiles.


Message History

* * * LOW HITPOINT WARNING * * *
You hear a series of splatters.
Read which item? (? for menu, Esc to quit)
Okay, then.
Press: ? - help, v - describe, . - travel
Here: a golden dragon simulacrum (freezing vapour)
The floor.
Drink which item? (? for menu, Esc to quit)
You feel much better.
Drink which item? (? for menu, Esc to quit)
Okay, then.
Press: ? - help, v - describe, . - travel
Here: a golden dragon simulacrum The floor, spattered with blood.
You blink.
You feel slightly more hungry.
The golden dragon simulacrum completely misses you.
The golden dragon simulacrum claws you.
* * * LOW HITPOINT WARNING * * *
The golden dragon simulacrum freezes you!!!
You die...

##...##### ##.###
#..### ###
##..### ##
##...## ##.
##.#.### #...
##....####(.###
#...###.###Z..###
##...###.# ##...#
##...#.####Z@.##
###...##.J.###
###....### ######


You could see a golden dragon simulacrum and a neutral jelly (fellow slime).

Vanquished Creatures
  A tentacled monstrosity (Abyss:1)
  3 thorn hunters
  The ghost of ReteAZ the Executioner, a journeyman MiBe of Jiyva (Elf:1)
  An orc warlord (Orc:4)
  3 deep elf sorcerers
  A very ugly thing (Abyss:1)
  3 deep elf demonologists
  3 deep elf annihilators
  Snorg (Orc:2)
  An eidolon (Abyss:1)
  5 deep elf death magi
  A vault guard (D:14)
  10 hydras
  Fannar (D:12)
  Harold (Orc:3)
  Erolcha (Orc:3)
  An ogre mage (D:15)
  2 centaur warriors
  2 ghost crabs
  15 dancing weapons (Elf:2)
  6 alligators
  An anaconda (Snake:1)
  2 tengu warriors
  6 death yaks (Lair:7)
  A shock serpent (Snake:1)
  Nergalle (Orc:2)
  14 deep elf knights
  2 wretched stars (Abyss:1)
  3 ice devils (IceCv)
  An unseen horror (D:14)
  A spriggan druid (Swamp:4)
  A flayed ghost (D:13)
  3 starcursed masses (Abyss:1)
  A shambling mangrove (Swamp:3)
  2 swamp dragons (Swamp:4)
  8 deep elf summoners
  10 hill giants
  15 deep elf conjurers
  3 orc sorcerers
  A hornet (Swamp:3)
  A wolf spider zombie (D:14)
  5 griffons
  12 ugly things
  7 cyclopes
  3 apocalypse crabs (Abyss:1)
  A cyclops (shapeshifter) (D:14)
  10 elephants
  A naga mage (Snake:1)
  An ice statue (IceCv)
  5 black mambas
  A torpor snail (Lair:7)
  2 kobold demonologists
  A demonic crawler (Abyss:1)
  13 spiny frogs
  4 fire drakes
  3 smoke demons (Abyss:1)
  A golden dragon simulacrum (IceCv)
  2 gargoyles
  12 komodo dragons
  A hellwing (Abyss:1)
  13 deep elf priests
  2 ancient zymes (Abyss:1)
  7 trolls
  2 tengu conjurers (D:14)
  4 two-headed ogres
  9 polar bears (Lair:8)
  A freezing wraith (IceCv)
  2 trolls (shapeshifter)
  A wolf spider simulacrum (D:15)
  3 bog bodies
  Grinder (D:5)
  4 giant leeches
  A hornet zombie (D:15)
  A queen bee (Lair:3)
  2 raiju (Abyss:1)
  A boulder beetle (Lair:8)
  4 flying skulls (Abyss:1)
  A raiju (shapeshifter) (Elf:1)
  3 ynoxinuls (Abyss:1)
  14 blink frogs
  A shadow (Swamp:4)
  17 spriggans
  7 redbacks (Lair:8)
  14 deep elf magi
  A human (D:7)
  3 wyverns
  A wraith (D:13)
  14 deep elf fighters
  15 hippogriffs
  Grum (D:9)
  A death yak simulacrum (IceCv)
  2 harpy simulacra (IceCv)
  66 yaks
  3 hungry ghosts
  24 vampire mosquitoes
  3 basilisks
  2 hogs (D:7)
  3 neqoxecs (Abyss:1)
  Menkaure (D:5)
  2 nagas
  3 iron troll simulacra (IceCv)
  3 mottled dragons
  37 wolves
  19 swamp worms
  15 water moccasins
  4 insubstantial wisps (Swamp:3)
  33 orc warriors
  3 sky beasts
  A soldier ant (shapeshifter) (D:13)
  11 porcupines
  14 wasps
  4 black bears
  6 swamp drakes
  9 ogres
  14 ice beasts
  A phantom (D:11)
  8 centaurs
  5 small abominations (Abyss:1)
  2 big kobolds
  19 crocodiles
  4 necrophages
  22 giant frogs
  A gnoll sergeant (D:9)
  4 scorpions
  38 killer bees
  A wight (D:15)
  A jelly (D:9)
  5 giant frog zombies
  A centaur zombie (D:12)
  7 hounds
  7 crimson imps
  27 orc priests
  A wasp zombie (D:10)
  2 centaur skeletons
  2 draconian simulacra (IceCv)
  A quasit (D:9)
  A giant frog skeleton (D:11)
  A gnoll shaman (D:7)
  An iron imp (Abyss:1)
  25 orc wizards
  3 iguanas
  10 worker ants
  2 wolf simulacra (IceCv)
  2 troll simulacra (IceCv)
  5 hell rats (Lair:5)
  33 sheep
  2 centaur simulacra (IceCv)
  A hound skeleton (D:10)
  2 worker ant zombies
  2 naga simulacra (IceCv)
  14 adders
  16 gnolls
  2 ogre simulacra (IceCv)
  44 river rats
  4 shadow imps
  6 white imps (IceCv)
  4 ufetubi
  3 oozes
  4 adder skeletons
  A worm (shapeshifter) (D:13)
  3 worms
  2 giant geckos (D:2)
  182 orcs
  A ball python (D:2)
  12 bats
  5 giant cockroaches
  6 hobgoblins
  11 kobolds
  13 quokkas
  A giant cockroach zombie (D:5)
  2 giant newts
  7 goblins
  3 jackals (D:6)
  A quokka zombie (D:9)
  2 rats
  2 fungi
  4 plants
1262 creatures vanquished.

Vanquished Creatures (others)
  7 acid blobs
  A deep elf blademaster (Elf:3)
  A deep elf master archer (Elf:3)
  An azure jelly (Swamp:4)
  A thorn hunter (Swamp:4)
  A deep elf sorcerer (Elf:3)
  3 deep elf demonologists (Elf:3)
  A dire elephant (D:15)
  2 deep elf death magi
  2 death oozes (Abyss:1)
  2 deep elf high priests (Elf:3)
  A great orb of eyes (Slime:3)
  4 hydras (Swamp:4)
  A rakshasa (D:14)
  A tengu warrior (D:13)
  2 death yaks (Lair:7)
  3 deep elf conjurers
  2 dancing weapons (Elf:2)
  A deep elf knight (Elf:2)
  A spriggan druid (Swamp:4)
  4 deep elf summoners
  A giant orange brain (Abyss:1)
  4 swamp dragons (Swamp:4)
  A cyclops (D:13)
  A shining eye (shapeshifter) (Elf:3)
  2 ugly things (D:15)
  A salamander (D:15)
  An elephant (Lair:8)
  A manticore (D:15)
  A centaur zombie (D:13)
  An eye of devastation (Slime:1)
  40 slime creatures
  An efreet (D:15)
  A deep elf priest (Elf:3)
  A giant leech (Swamp:4)
  3 bog bodies (Swamp:4)
  5 blink frogs
  A trapdoor spider (D:15)
  A spriggan (Lair:8)
  A wraith (Abyss:1)
  A redback (Lair:8)
  7 deep elf magi
  A deep elf fighter (Elf:1)
  4 golden eyes
  2 vampire mosquitoes (D:15)
  A swamp worm (Swamp:4)
  A hippogriff (Lair:8)
  7 wolves
  2 swamp drakes (Swamp:4)
  2 eyes of draining
  An orc warrior (Orc:4)
  An ogre (D:15)
  A crocodile (Lair:2)
  7 centaurs
  A giant frog (Lair:2)
  A small abomination (Abyss:1)
  2 wights (D:15)
  A quasit (D:14)
  A hound (D:13)
  200 jellies
  3 orc wizards
  An orc priest (Orc:4)
  A hell rat (Lair:5)
  3 sheep
  An adder (D:12)
  A river rat (Lair:6)
  A white imp (IceCv)
  2 ufetubi (IceCv)
  An ooze (Swamp:4)
  13 orcs
  A briar patch (Swamp:2)
  24 fungi
  13 plants
419 creatures vanquished.

Grand Total: 1681 creatures vanquished

Notes
Turn   | Place    | Note
--------------------------------------------------------------
     0 | D:1      | ReteAZ the Troll Monk began the quest for the Orb.
     0 | D:1      | Reached XP level 1. HP: 22/22 MP: 0/0
   149 | D:1      | Reached XP level 2. HP: 27/29 MP: 1/1
   303 | D:1      | Reached skill level 5 in Unarmed Combat
   303 | D:1      | Reached XP level 3. HP: 27/36 MP: 2/2
   714 | D:2      | Reached XP level 4. HP: 42/44 MP: 3/3
   735 | D:2      | Found a basalt altar of Yredelemnul.
  1242 | D:3      | Reached skill level 6 in Unarmed Combat
  2236 | D:4      | Reached XP level 5. HP: 48/50 MP: 4/4
  2261 | D:4      | Noticed an ogre
  2266 | D:4      | Killed an ogre
  2266 | D:4      | Reached skill level 7 in Unarmed Combat
  2274 | D:4      | Reached XP level 6. HP: 25/59 MP: 5/5
  2479 | D:4      | Found a staircase to the Ecumenical Temple.
  2486 | D:4      | Reached skill level 8 in Unarmed Combat
  2568 | Temple   | Entered the Ecumenical Temple
  2900 | D:4      | Reached XP level 7. HP: 46/66 MP: 6/6
  3013 | D:5      | Entered Level 5 of the Dungeon
  3091 | D:5      | Noticed Grinder
  3093 | D:5      | Paralysed by Grinder for 7 turns
  3100 | D:5      | Killed Grinder
  3100 | D:5      | Reached skill level 9 in Unarmed Combat
  3450 | D:5      | Found a white marble altar of Elyvilon.
  3626 | D:5      | Noticed Menkaure
  3630 | D:5      | Killed Menkaure
  3630 | D:5      | Reached skill level 10 in Unarmed Combat
  3630 | D:5      | Reached XP level 8. HP: 74/74 MP: 7/7
  4277 | D:6      | Found Ivogysch's Incredible Inventory.
  4319 | D:6      | Bought 2 scrolls of identify for 56 gold pieces
  5175 | D:7      | Reached skill level 1 in Armour
  5175 | D:7      | Reached XP level 9. HP: 50/84 MP: 8/8
  5578 | D:7      | Identified a scroll of acquirement
  5968 | D:8      | Reached skill level 5 in Fighting
  6406 | D:9      | Reached skill level 5 in Armour
  6616 | D:9      | Reached XP level 10. HP: 77/96 MP: 9/9
  6813 | D:9      | Noticed Grum
  6839 | D:9      | Killed Grum
  7001 | D:9      | Got a twitching marble ring
  7444 | D:9      | Reached skill level 11 in Unarmed Combat
  7518 | D:10     | Entered Level 10 of the Dungeon
  7560 | D:10     | Noticed a hill giant
  7569 | D:10     | Killed a hill giant
  7647 | D:10     | Reached skill level 12 in Unarmed Combat
  7977 | D:9      | Identified the ring "Mila" {SustAt Str+5} (You took it off an orc on level 9 of the Dungeon)
  8008 | D:9      | Reached XP level 11. HP: 46/101 MP: 10/10
  8279 | D:11     | Reached skill level 13 in Unarmed Combat
  8372 | D:11     | Gained mutation: You regenerate. [potion of mutation]
  8372 | D:11     | Gained mutation: Armour fits poorly on your strangely shaped body. [potion of mutation]
  8372 | D:11     | Gained mutation: You can spit weak poison. [potion of mutation]
  8373 | D:11     | Lost mutation: You regenerate. [potion of cure mutation]
  8373 | D:11     | Lost mutation: You can spit weak poison. [potion of cure mutation]
  8373 | D:11     | Lost mutation: Armour fits poorly on your strangely shaped body. [potion of cure mutation]
  8469 | D:11     | Noticed an ice devil
  8792 | D:11     | Found a staircase to the Orcish Mines.
  8857 | D:11     | Found a staircase to the Lair.
  8908 | D:11     | Reached skill level 14 in Unarmed Combat
  9604 | Lair:1   | Entered Level 1 of the Lair of Beasts
 10009 | Lair:4   | Reached XP level 12. HP: 102/115 MP: 11/11
 10205 | Lair:7   | Found an iron altar of Okawaru.
 10221 | Lair:7   | Found a viscous altar of Jiyva.
 10222 | Lair:7   | Found a staircase to the Slime Pits.
 10229 | Lair:7   | Became a worshipper of Jiyva Joqed the Shapeless
 10229 | Lair:7   | Reached * piety under Jiyva
 10229 | Lair:7   | Reached ** piety under Jiyva
 10659 | Lair:1   | Reached skill level 10 in Armour
 11372 | Lair:2   | Reached *** piety under Jiyva
 11372 | Lair:2   | Gained mutation: You passively map a small area around you. [Jiyva's grace]
 11999 | Lair:3   | Reached skill level 10 in Fighting
 12269 | Lair:3   | Reached **** piety under Jiyva
 12598 | Lair:3   | Reached XP level 13. HP: 126/133 MP: 12/12
 12734 | Lair:4   | Gained mutation: You have sharp toenails. [Jiyva's grace]
 13201 | Lair:4   | Reached ***** piety under Jiyva
 13797 | Lair:5   | Lost mutation: You have sharp toenails. [Jiyva's grace]
 14116 | Lair:5   | Found a staircase to the Swamp.
 14228 | Lair:5   | Gained mutation: Your rubbery body absorbs attacks (AC +1). [Jiyva's grace]
 14600 | Lair:6   | Found a staircase to the Snake Pit.
 14675 | Lair:6   | Gained mutation: Your body is partially covered in golden eyeballs (Acc +3). [Jiyva's grace]
 15013 | Lair:7   | Noticed an acid blob
 15013 | Lair:7   | a death yak changed into an acid blob
 15058 | Lair:7   | Killed an acid blob
 15098 | Lair:7   | Noticed an azure jelly
 15098 | Lair:7   | a death yak changed into an azure jelly
 15099 | Lair:7   | Gained mutation: You are covered in slimy tendrils that may disarm your opponents. [Jiyva's grace]
 15104 | Lair:7   | Reached skill level 15 in Unarmed Combat
 15363 | Lair:7   | Noticed an azure jelly
 15363 | Lair:7   | a death yak changed into an azure jelly
 15593 | Lair:7   | Got an ancient robe
 15594 | Lair:7   | Identified the cursed +0 robe of Evacsal {rF++ Slay-3} (You found it on level 7 of the Lair of Beasts)
 15602 | Lair:7   | Lost mutation: You passively map a small area around you. [Jiyva's grace]
 15640 | Lair:8   | Entered Level 8 of the Lair of Beasts
 15713 | Lair:8   | Reached skill level 16 in Unarmed Combat
 15974 | Lair:8   | Gained mutation: Your spells are a little easier to cast, but a little less powerful. [Jiyva's grace]
 16061 | Lair:8   | Reached XP level 14. HP: 105/146 MP: 13/13
 16094 | Lair:8   | Reached ****** piety under Jiyva
 16101 | Lair:8   | Gained mutation: You are clumsy. (Dex -2) [Jiyva's grace]
 16119 | Lair:8   | Reached skill level 5 in Dodging
 16236 | Lair:8   | Noticed an acid blob
 16236 | Lair:8   | a spriggan rider changed into an acid blob
 16245 | Lair:8   | Gained mutation: You are robust (+10% HP). [Jiyva's grace]
 16436 | Lair:8   | Gained mutation: You occasionally shout uncontrollably at your foes. [Jiyva's grace]
 16670 | Lair:8   | Lost mutation: Your spells are a little easier to cast, but a little less powerful. [Jiyva's grace]
 17153 | Orc:1    | Entered Level 1 of the Orcish Mines
 17448 | Orc:3    | Noticed Snorg
 17464 | Orc:2    | Killed Snorg
 17488 | Orc:3    | Found Decim's Book Emporium.
 17558 | Orc:3    | Noticed Erolcha
 17571 | Orc:3    | Killed Erolcha
 17699 | Orc:1    | Learned a level 2 spell: Stoneskin
 17788 | Orc:1    | Gained mutation: You are resistant to hostile enchantments. [Jiyva's grace]
 17912 | Orc:1    | Lost mutation: You are robust (+10% HP). [Jiyva's grace]
 17957 | Orc:2    | Found a bloodstained altar of Trog.
 17957 | Orc:2    | Lost mutation: You are clumsy. (Dex -2) [Jiyva's grace]
 18125 | Orc:3    | Found a staircase to the Elven Halls.
 18168 | Orc:3    | Gained mutation: You are agile. (Dex +2) [Jiyva's grace]
 18208 | Orc:3    | Noticed Harold
 18209 | Orc:3    | Gained mutation: Armour fits poorly on your pseudopods. [Jiyva's grace]
 18217 | Orc:3    | Killed Harold
 18408 | Orc:2    | Noticed Nergalle
 18413 | Orc:2    | Killed Nergalle
 18630 | Orc:4    | Entered Level 4 of the Orcish Mines
 18740 | Orc:4    | Lost mutation: You are agile. (Dex +2) [Jiyva's grace]
 18744 | Orc:4    | Gained mutation: Your mind is acute. (Int +2) [Jiyva's grace]
 18754 | Orc:4    | Found Sosmul's Antique Weapon Emporium.
 18757 | Orc:4    | Found a roughly hewn altar of Beogh.
 18775 | Orc:4    | Gained mutation: You possess an exceptional clarity of mind. [Jiyva's grace]
 18793 | Orc:4    | Found a roughly hewn altar of Beogh.
 18836 | Orc:4    | Found a roughly hewn altar of Beogh.
 18838 | Orc:4    | Lost mutation: You possess an exceptional clarity of mind. [Jiyva's grace]
 18854 | Orc:4    | Found Vedoun's Antique Weapon Emporium.
 18885 | Orc:4    | Gained mutation: You can translocate small distances at will. [Jiyva's grace]
 18920 | Orc:4    | Noticed an orc warlord
 18934 | Orc:4    | Gained mutation: You are frail (-10% HP). [Jiyva's grace]
 18969 | Orc:4    | Found a roughly hewn altar of Beogh.
 18981 | Orc:4    | Lost mutation: Your rubbery body absorbs attacks (AC +1). [Jiyva's grace]
 18990 | Orc:4    | Found a roughly hewn altar of Beogh.
 18992 | Orc:4    | Found Akaody's Armour Boutique.
 19032 | Orc:4    | Gained mutation: Your skin is partially translucent (Stealth, -foe acc). [Jiyva's grace]
 19082 | Orc:4    | Gained mutation: You are highly resistant to hostile enchantments. [Jiyva's grace]
 19083 | Orc:4    | Lost mutation: You are frail (-10% HP). [Jiyva's power]
 19105 | Orc:4    | Found Leaqips's Antique Weapon Boutique.
 19105 | Orc:4    | Found a roughly hewn altar of Beogh.
 19108 | Orc:4    | Found Peih's Antique Armour Shop.
 19150 | Orc:4    | Lost mutation: You occasionally shout uncontrollably at your foes. [Jiyva's grace]
 19244 | Orc:4    | Lost mutation: You are highly resistant to hostile enchantments. [Jiyva's grace]
 19290 | Orc:4    | Killed an orc warlord
 19296 | Orc:4    | Gained mutation: You are clumsy. (Dex -2) [Jiyva's grace]
 19620 | Elf:1    | Entered Level 1 of the Elven Halls
 19639 | Elf:1    | Noticed ReteAZ's ghost (journeyman MiBe)
 19671 | Elf:1    | Killed ReteAZ's ghost
 19806 | Elf:1    | Reached skill level 10 in Dodging
 19886 | Elf:1    | Noticed an acid blob
 19886 | Elf:1    | a deep elf death mage changed into an acid blob
 19889 | Elf:1    | Killed an acid blob
 19890 | Elf:1    | Noticed an azure jelly
 19890 | Elf:1    | a deep elf death mage changed into an azure jelly
 19900 | Elf:1    | Gained mutation: Armour fits poorly on your large pseudopods. [Jiyva's grace]
 19935 | Elf:1    | Gained mutation: You are robust (+10% HP). [Jiyva's grace]
 20034 | Elf:1    | Found Ezapae's Assorted Antiques.
 20062 | Elf:1    | Lost mutation: You are robust (+10% HP). [Jiyva's grace]
 20595 | Elf:1    | Lost mutation: You are resistant to hostile enchantments. [Jiyva's grace]
 20898 | Orc:3    | Lost mutation: You are clumsy. (Dex -2) [Jiyva's power]
 20997 | D:12     | Reached XP level 15. HP: 143/153 MP: 14/14
 21003 | D:12     | Reached skill level 1 in Earth Magic
 21179 | D:12     | Lost mutation: Armour fits poorly on your large pseudopods. [Jiyva's grace]
 21384 | D:12     | Found a shattered altar of Ashenzari.
 21476 | D:12     | Noticed Fannar
 21486 | D:12     | Killed Fannar
 21563 | D:12     | Gained mutation: You can spit weak poison. [Jiyva's grace]
 21620 | D:12     | Reached skill level 1 in Throwing
 22093 | D:13     | Found a snail-covered altar of Cheibriados.
 22141 | D:13     | Found a shimmering altar of Xom.
 22257 | D:13     | Gained mutation: Your skin is mostly translucent (Stealth, -foe acc). [Jiyva's grace]
 22400 | D:13     | Lost mutation: You can spit weak poison. [Jiyva's grace]
 22458 | D:13     | Noticed an acid blob
 22458 | D:13     | a fire giant changed into an acid blob
 22490 | D:13     | Gained mutation: Your body sometimes deteriorates upon taking damage. [Jiyva's grace]
 22516 | D:13     | Reached skill level 5 in Throwing
 23191 | D:14     | Lost mutation: You are covered in slimy tendrils that may disarm your opponents. [Jiyva's grace]
 23631 | D:14     | Found a sacrificial altar of Ru.
 23756 | D:14     | Found a gate to the Vaults.
 23989 | Orc:4    | Bought an embroidered robe for 21 gold pieces
 23989 | Orc:4    | Bought an ancient robe for 171 gold pieces
 23999 | Orc:4    | Identified the +4 robe "Pifokago" {MP+9 Int+7} (You bought it in a shop on level 4 of the Orcish Mines)
 24241 | Swamp:1  | Entered Level 1 of the Swamp
 24262 | Swamp:1  | Gained mutation: Your rubbery body absorbs attacks (AC +1). [Jiyva's grace]
 24278 | Swamp:1  | Lost mutation: Your body sometimes deteriorates upon taking damage. [Jiyva's power]
 24310 | Swamp:1  | Noticed a thorn hunter
 24318 | Swamp:1  | Killed a thorn hunter
 24346 | Swamp:1  | Noticed Roxanne
 24638 | Swamp:1  | Learned a level 1 spell: Summon Butterflies
 25079 | Swamp:1  | Noticed an azure jelly
 25079 | Swamp:1  | a five-headed hydra changed into an azure jelly
 25106 | Swamp:1  | Noticed an azure jelly
 25106 | Swamp:1  | a seven-headed hydra changed into an azure jelly
 25108 | Swamp:1  | Gained mutation: You can spit weak poison. [Jiyva's grace]
 25251 | Swamp:2  | Noticed a thorn hunter
 25280 | Swamp:2  | Killed a thorn hunter
 25457 | Swamp:2  | Reached skill level 5 in Earth Magic
 25490 | Swamp:2  | Gained mutation: You are agile. (Dex +2) [Jiyva's grace]
 26248 | Swamp:1  | Reached XP level 16. HP: 87/162 MP: 15/15
 26289 | Swamp:1  | Gained mutation: You possess an exceptional clarity of mind. [Jiyva's grace]
 26437 | Slime:1  | Entered Level 1 of the Pits of Slime
 26440 | Slime:1  | Noticed an acid blob
 26446 | Slime:2  | Noticed an acid blob
 26465 | Slime:4  | Noticed Dissolution
 26483 | Slime:4  | Noticed an acid blob
 26484 | Slime:4  | Noticed an acid blob
 26507 | Slime:5  | Noticed an acid blob
 26508 | Slime:5  | Noticed an acid blob
 26510 | Slime:6  | Entered Level 6 of the Pits of Slime
 26514 | Slime:6  | Noticed an acid blob
 26518 | Slime:6  | Noticed an acid blob
 26520 | Slime:6  | Noticed an acid blob
 26521 | Slime:6  | Noticed an acid blob
 26523 | Slime:6  | Found a viscous altar of Jiyva.
 26524 | Slime:6  | Noticed an acid blob
 26524 | Slime:6  | Noticed the royal jelly
 26527 | Slime:6  | Noticed an acid blob
 26548 | Slime:6  | Noticed an acid blob
 26549 | Slime:6  | Noticed an acid blob
 26567 | Slime:6  | Lost mutation: Your mind is acute. (Int +2) [Jiyva's grace]
 26587 | Slime:6  | Lost mutation: You possess an exceptional clarity of mind. [Jiyva's grace]
 26662 | Slime:6  | Noticed an acid blob
 26677 | Slime:6  | Learned a level 5 spell: Lee's Rapid Deconstruction
 26761 | Slime:6  | Noticed an acid blob
 26829 | Slime:4  | Killed an acid blob
 26848 | Slime:4  | Killed an acid blob
 27296 | D:15     | Entered Level 15 of the Dungeon
 27526 | D:15     | Gained mutation: You possess an exceptional clarity of mind. [Jiyva's grace]
 27651 | D:15     | Lost mutation: You are agile. (Dex +2) [Jiyva's grace]
 27665 | D:15     | Gained mutation: Your muscles are strong. (Str +2) [Jiyva's grace]
 27681 | D:15     | Gained mutation: You passively map a small area around you. [Jiyva's grace]
 28069 | D:15     | Found a staircase to the Depths.
 28295 | D:15     | Found Veycaze's Book Shoppe.
 28331 | D:15     | Found a stormy altar of Qazlal.
 28443 | D:15     | Lost mutation: You possess an exceptional clarity of mind. [Jiyva's grace]
 29815 | Swamp:4  | Entered Level 4 of the Swamp
 29876 | Swamp:4  | Lost mutation: Your body is partially covered in golden eyeballs (Acc +3). [Jiyva's grace]
 30184 | Slime:3  | Noticed an acid blob
 30250 | Slime:6  | Gained mutation: You are covered in slimy tendrils that may disarm your opponents. [Jiyva's grace]
 30337 | Slime:6  | Gained mutation: Your muscles are very strong. (Str +4) [Jiyva's grace]
 30888 | Swamp:4  | Gained mutation: Armour fits poorly on your large pseudopods. [Jiyva's grace]
 31093 | Swamp:4  | Lost mutation: Armour fits poorly on your large pseudopods. [Jiyva's grace]
 31198 | Swamp:4  | Got a decaying rune of Zot
 32297 | Elf:2    | Gained mutation: You have a small jelly attached to you that may absorb incoming projectiles. [Jiyva's grace]
 32504 | Elf:2    | Lost mutation: You have a small jelly attached to you that may absorb incoming projectiles. [Jiyva's grace]
 32581 | Elf:2    | Lost mutation: You are covered in slimy tendrils that may disarm your opponents. [Jiyva's grace]
 32592 | Elf:2    | Found a huge runed gate.
 32592 | Elf:2    | Found a huge runed gate.
 32592 | Elf:2    | Found a huge runed gate.
 32598 | Elf:2    | Found a huge runed gate.
 32599 | Elf:2    | Found a huge runed gate.
 32985 | Elf:2    | Lost mutation: Your muscles are very strong. (Str +4) [Jiyva's grace]
 33060 | Elf:2    | Lost mutation: You passively map a small area around you. [Jiyva's grace]
 33366 | Elf:2    | Gained mutation: Your muscles are very strong. (Str +4) [Jiyva's grace]
 33598 | Elf:2    | Noticed an acid blob
 33598 | Elf:2    | a deep elf knight changed into an acid blob
 33624 | Elf:2    | Reached XP level 17. HP: 105/170 MP: 16/16
 33920 | Elf:2    | Lost mutation: Your rubbery body absorbs attacks (AC +1). [Jiyva's grace]
 34085 | Elf:3    | Entered Level 3 of the Elven Halls
 34248 | Elf:3    | Gained mutation: You have acidic saliva. [Jiyva's grace]
 34264 | Elf:3    | Lost mutation: Armour fits poorly on your pseudopods. [Jiyva's grace]
 34279 | Elf:3    | Gained mutation: Armour fits poorly on your pseudopods. [Jiyva's grace]
 34692 | Elf:3    | Gained mutation: You have a pair of small horns on your head. [Jiyva's grace]
 34808 | Elf:3    | Noticed a Hell Sentinel
 34821 | Elf:3    | Gained mutation: You have a small jelly attached to you that may absorb incoming projectiles. [Jiyva's grace]
 35068 | Elf:3    | Cast into the Abyss (a deep elf sorcerer)
 35239 | Abyss:1  | Noticed a bone dragon
 35251 | Abyss:1  | Slimified a bone dragon
 35251 | Abyss:1  | a bone dragon changed into a death ooze
 35349 | Abyss:1  | Noticed a tentacled monstrosity
 35359 | Abyss:1  | Killed a tentacled monstrosity
 35666 | Abyss:1  | Noticed a lich
 35674 | Abyss:1  | Noticed a tentacled monstrosity
 35675 | Abyss:1  | Slimified a lich
 35675 | Abyss:1  | a lich changed into a death ooze
 35734 | Abyss:1  | Learned a level 6 spell: Statue Form
 35818 | Abyss:1  | Found a corrupted altar of Lugonu.
 35889 | Abyss:1  | Gained mutation: Your rubbery body absorbs attacks (AC +1). [Jiyva's grace]
 36063 | Abyss:1  | Reached skill level 15 in Dodging
 36120 | Elf:3    | Escaped the Abyss
 36186 | Elf:3    | Gained mutation: You have a small jelly attached to you that senses nearby items. [Jiyva's grace]
 36243 | Elf:3    | Reached skill level 1 in Transmutations
 36395 | Elf:3    | Identified the Guide on Boosts
 36497 | Elf:3    | Got a translucent triple sword
 36498 | Elf:3    | Identified the +7 triple sword "Beubb" {venom, MR+ Int+2} (You found it on level 3 of the Elven Halls)
 36564 | Elf:3    | Got a scorched great sword
 36566 | Elf:3    | Got a faintly glowing flail
 36567 | Elf:3    | Identified the +5 great sword of Dissatisfaction {drain, Dex+4} (You found it on level 3 of the Elven Halls)
 36568 | Elf:3    | Identified the +7 flail of Annihilation {crush, Str+4} (You found it on level 3 of the Elven Halls)
 36962 | Snake:1  | Entered Level 1 of the Snake Pit
 37018 | Snake:1  | Found a frozen archway.
 37039 | Snake:1  | Reached skill level 1 in Spellcasting
 37069 | IceCv    | Entered an ice cave
 37162 | IceCv    | Reached skill level 10 in Earth Magic
 37337 | IceCv    | Gained mutation: You are partially covered in thin metallic scales (AC +2). [Jiyva's grace]
 37463 | IceCv    | HP: 3/185 [golden dragon simulacrum (27)]
 37466 | IceCv    | Annihilated by a golden dragon simulacrum

Vault maps used:
D:1:      dpeg_arrival_snail, serial_glass, glass_columns_c, glass_columns_a,
          glass_columns_a, st_stairs_2
D:2:      nicolae_overflow_crystal_walls
D:3:      minmay_strange_pillars
D:4:      minmay_temple_entry_statues_pillars, serial_aquarium,
          aquarium_bridge_straight, aquarium_window_2, aquarium_window_1,
          aquarium_view_2b
D:5:      basic_altar, first_bread, uniq_grinder, uniq_menkaure
D:6:      nicolae_alphabet_shops
D:7:      grunt_livestock, patterned_corridor
D:9:      uniq_grum
D:10:     minmay_misc_feat_nine_boxes
D:11:     david_lair_shrubbed, orc_0_dummy
D:12:     basic_altar, kennysheep_generic_room_7, uniq_fannar
D:13:     minmay_nested_s, basic_altar, cheibriados_altar_1, uniq_nessos
D:14:     david_vaults_5, nicolae_ru_the_path_less_chosen
D:15:     hangedman_depths_entry_try_elsewhere_first, serial_park_tiny_pond,
          serial_shops, shop, special_room, st_stairs_5, fountainhead,
          kennysheep_doodads, nicolae_qazlal_style_of_elements
Temple:   grunt_circular_temple_18
Lair:2:   st_stairs_9, wad_woods_04
Lair:3:   special_room
Lair:5:   minmay_swamp_entry_worms, serial_bayou_shore_b
Lair:6:   guppyfry_snake_entry_garden, infiniplex_staircase_pool_2
Lair:7:   slime_altar_1, basic_altar
Lair:8:   minmay_lair_end_enchanted_forest, grunt_megastairs_2
Swamp:1:  evilmike_swamp_ruin_house_4, uniq_roxanne
Swamp:2:  hangedman_swamp_lotus
Swamp:3:  evilmike_swamp_ruin_house_3, swamp_pool3
Swamp:4:  swamp_alternative, swamp_pool1, nicolae_swamp_treefoil
Snake:1:  portal_ice_cave_entry_ice_beasts
Slime:4:  dissolution_awaits
Orc:1:    sword_in_stone
Orc:2:    basic_altar, uniq_nergalle
Orc:3:    serial_shops, shop, nicolae_orc_pool_cavern, uniq_snorg, uniq_harold,
          uniq_erolcha
Orc:4:    grunt_orc_community_town_hall, grunt_orc_community_big_house_2,
          grunt_orc_community_big_house_1, grunt_orc_community_house_1,
          grunt_orc_community_house_2, grunt_orc_community_house_1,
          grunt_orc_community_house_1, serial_shops, shop
Elf:1:    eino_elf_arrival_customs, serial_shops, shop,
          minmay_elf_crystal_heptagon, st_stairs_14, grunt_ministairs_12
Elf:3:    elf_hall_gauntlet_narrow, spider_trap
IceCv:    ice_cave_caverns_03

Action                   |  1- 3 |  4- 6 |  7- 9 | 10-12 | 13-15 | 16-18 || total
-------------------------+-------+-------+-------+-------+-------+-------++-------
Melee: Unarmed           |    59 |   136 |   237 |   906 |  1707 |   929 ||  3974
       Triple sword      |       |       |       |       |       |     3 ||     3
Throw: Large rock        |       |       |    23 |    19 |    99 |   178 ||   319
 Cast: Stoneskin         |       |       |       |       |       |    11 ||    11
       Lee's Rapid Decon |       |       |       |       |       |     2 ||     2
Invok: Request Jelly     |       |       |       |     3 |     1 |     2 ||     6
       Slimify           |       |       |       |       |    27 |    32 ||    59
       Cure Bad Mutation |       |       |       |       |     3 |       ||     3
       Jelly Paralyse    |       |       |       |       |       |     1 ||     1
 Abil: Blink             |       |       |       |       |       |    40 ||    40
Evoke: Wand              |       |       |     4 |       |       |     5 ||     9
  Use: Scroll            |       |       |    14 |    14 |     9 |     9 ||    46
       Potion            |       |       |       |     4 |     8 |    10 ||    22
 Stab: Sleeping          |       |     3 |     2 |       |       |     3 ||     8
       Confused          |       |       |       |       |    20 |     3 ||    23
       Distracted        |       |       |       |       |       |     8 ||     8
       Paralysed         |       |       |       |       |       |     2 ||     2
  Eat: Chunk             |    12 |    18 |    38 |    51 |    61 |    44 ||   224
       Meat ration       |       |       |     1 |       |       |       ||     1
       Fruit             |       |       |       |       |     4 |       ||     4
       Bread ration      |       |       |       |       |     1 |     3 ||     4
